[Event "MČR družstev mladších žáků 2024"]
[Site "Harrachov, Czech Republic"]
[Date "2024.06.15"]
[Round "7.1"]
[White "Zrust Lukas"]
[Black "Velim Vojtech"]
[Result "1/2-1/2"]
[TimeControl "25+10"]
[WhiteFideId "23736666"]
[BlackFideId "23749407"]
[WhiteElo "1742"]
[BlackElo "1814"]

1. d4 d5 2. Nf3 Nf6 3. g3 e6 4. Bg2 Be7 5. O-O O-O 6. b3 b6 7. Bb2 Bb7 8. Nbd2 Nbd7 9. Rc1 c5 10. e3 Rc8 11. c4 cxd4 12. exd4 dxc4 13. Nxc4 Nd5 14. Re1 N7f6 15.
Nfe5 Bb4 16. Re2 Qe7 17. a3 Bd6 18. Nxd6 Qxd6 19. Rec2 Rxc2 20. Rxc2 Nd7 21. Qc1 Nxe5 22. dxe5 Qd7 23.
h4 Rd8 24. Qg5 h6 25. Qg4 Qb5 26. Qc4 Qd7 27. Qe2 Rc8 28. Rc4 Ba6 29. Rxc8+ Qxc8 30. Qd2 1/2-1/2



[ePGN "0.1;DGT LiveChess/2.2.6"]

[Event "MČR družstev mladších žáků 2024"]
[Site "Harrachov, Czech Republic"]
[Date "2024.06.15"]
[Round "7.10"]
[White "Kozusnik Jan"]
[Black "Gao Tianle"]
[Result "1-0"]
[TimeControl "25+10"]
[WhiteFideId "23731796"]
[BlackFideId "23739924"]
[WhiteElo "1345"]
[BlackElo "1120"]

1. e4 e6 2. d4 d5 3.
Nc3 c5 4. Nf3 Nc6 5. Bb5 Qb6 6.
exd5 exd5 7. O-O Nf6 8. Be3 a6 9. dxc5 Bxc5 10. Bxc5 Qxc5 11. Re1+ Be6 12. Bf1 O-O 13. Qd2 Bg4 14.
Ne5 Nxe5 15. Rxe5 Rad8 16. Rae1 Qd6 17. Qd4 Qd7 18. Be2 Be6 19. Bf3 Qc6 20. Rd1 Qc4 21. Qxc4 dxc4 22. Bxb7 Rb8 23.
Bxa6 Rxb2 24. Re2 h6 25. h3 Ra8 26. Bb5 Rb8 27. a4 Bf5 28. Kh2 Bxc2 29. Rc1 R2xb5 30. Nxb5 Bxa4 31. Nd4 Bb3 32.
Nxb3 cxb3 33. Rb2 Ne4 34. f3 Nd2 35. Rxd2 b2 36. Rb1 Kh7 37. Rdxb2 Rxb2 38. Rxb2 f6 39. Kg3 Kg6 40. Kf4 h5 41. g4 Kh6 42. h4 g5+ 43. Kg3 gxh4+ 44. Kxh4 hxg4 45. fxg4 Kg6 46. Rf2 Kg7 47. Kh5 Kf7 48. Rf5 Kg7 49. g5 fxg5 50. Kxg5 Kh7 51. Rf7+ Kh8 52. Ra7 Kg8 53. Kf6 Kh8 54. Kg6 Kg8 55. Ra8# 1-0



[ePGN "0.1;DGT LiveChess/2.2.6"]

[Event "MČR družstev mladších žáků 2024"]
[Site "Harrachov, Czech Republic"]
[Date "2024.06.15"]
[Round "7.13"]
[White "Vanek Martin"]
[Black "Honcharov Makar"]
[Result "0-1"]
[TimeControl "25+10"]
[WhiteFideId "23769238"]
[BlackFideId "23746203"]
[WhiteElo "1580"]
[BlackElo "1806"]

1. d4 Nf6 2. c4 g6 3. Nc3 Bg7 4.
e4 d6 5.
h3 c5 6.
d5 O-O 7. Be3 Qa5 8. Qd2 a6 9. a4 b5 10. cxb5 axb5 11. Bxb5 Qb4 12. f3 Ba6 13. Bxa6 Nxa6 14. Nge2 Rfb8 15.
Nb5 Nd7 16. Qxb4 Nxb4 17. Rb1 Rxa4 18. Nec3 Ra5 19. Na3 Bxc3+ 20. bxc3 Rxa3 21. cxb4 Rxe3+ 22. Kd2 Ra3 23. b5 Nb6 24.
Rhc1 Rba8 25. Rc2 Ra2 26. Rcb2 Rxb2+ 27. Rxb2 Nc4+ 28. Kc3 Nxb2 29. Kxb2 Rb8 0-1



[ePGN "0.1;DGT LiveChess/2.2.6"]

[Event "MČR družstev mladších žáků 2024"]
[Site "Harrachov, Czech Republic"]
[Date "2024.06.15"]
[Round "7.14"]
[White "Tykalova Barbora"]
[Black "Bilek Filip"]
[Result "0-1"]
[TimeControl "25+10"]
[WhiteFideId "23750898"]
[BlackFideId "23763493"]
[WhiteElo "1284"]
[BlackElo "1249"]

1. e4 c5 2. Nf3 e6 3. c4 Nc6 4.
Nc3 Be7 5. d4 cxd4 6. Nxd4 Bc5 7. Nxc6 bxc6 8. Bd3 Ne7 9. O-O O-O 10. Qh5 Bb6 11. e5 Ng6 12. Bg5 Qe8 13. Ne4 d5 14.
Nf6+ gxf6 15. exf6 Kh8 16. Bh6 Rg8 17. Bg7+ Rxg7 18. fxg7+ Kxg7 19. cxd5 cxd5 20. Rac1 Bb7 21. Qg4 Rc8 22.
Rcd1 Qe7 23. Kh1 Qh4 24. Qxh4 Nxh4 25. f4 d4 26. Rd2 Rg8 27. h3 Kh8 28. Rff2 Ba5 29. Rc2 Bd5 30. Bf1 Bb6 31.
Bd3 Ba5 32. Kh2 Be1 33. Rfe2 Bg3+ 34. Kh1 Bxf4 35. Be4 Bxa2 36. Rf2 e5 37. Rc7 a5 38. Ra7 f5 39. Bc2 d3 40. Rc7 dxc2 41.
Rcxc2 Bd5 42. Kg1 Be3 0-1



[ePGN "0.1;DGT LiveChess/2.2.6"]

[Event "MČR družstev mladších žáků 2024"]
[Site "Harrachov, Czech Republic"]
[Date "2024.06.15"]
[Round "7.15"]
[White "Najdkova Laura"]
[Black "Koutecky Vaclav"]
[Result "1-0"]
[TimeControl "25+10"]
[WhiteFideId "23751290"]
[BlackFideId "23752602"]
[WhiteElo "1337"]
[BlackElo "1194"]

1. e4 e5 2. Nf3 Nc6 3. Bb5 Bc5 4. O-O d6 5. c3 Nf6 6.
Re1 Bg4 7. d4 Bxf3 8. Bxc6+ bxc6 9. Qxf3 exd4 10. cxd4 Bxd4 11. Nc3 O-O 12. Bg5 h6 13. Bh4 Rb8 14. Rad1 Be5 15. Re2 c5 16.
Nd5 g5 17. Nxf6+ Bxf6 18. e5 Bg7 19. Bg3 Rb6 20. exd6 cxd6 21. Qd5 Rxb2 22. Rxb2 Bxb2 23. Qxd6 Qxd6 24. Rxd6 Bd4 25. Rxh6 Re8 26.
h3 Re1+ 27. Kh2 Re6 28. Rh5 Rg6 29. h4 f6 30. hxg5 fxg5 31. f4 c4 32. fxg5 c3 33. Rh4 c2 34. Bf4 Be5 35. Bxe5 c1=Q 36.
Rh8+ Kf7 37. Rh7+ Ke6 38. Bf6 Qf4+ 39. Kg1 Qd4+ 40. Bxd4 Rxg5 41. Rxa7 Kd5 42. Bf2 Rg6 43. Rb7 Kc6 44.
Rb1 Kc7 45. a4 Ra6 46. Ra1 Kd7 47. a5 Ke7 48. Kf1 Kf7 49. g3 Kg6 50. Be3 Kf5 51. Bf4 Kg4 52. Ke2 Kf5 53. Kd3 Ke6 54.
Kd4 Kd7 55. Kc5 Kc8 56. Kb5 Kb7 57. Be5 Re6 58. a6+ Ka8 59. Bf4 Re2 60. a7 Rb2+ 61. Kc5 Rc2+ 62. Kd5 Rb2 63. Bb8 Rg2 64.
Ke4 Rb2 65. g4 Rb4+ 66. Kf5 Rb5+ 67. Kf6 Rb6+ 68. Kg5 Rb2 69. Kg6 Rg2 70. g5 Rg4 71. Kf5 Rg2 72. g6 Rf2+ 73. Kg5 Rg2+ 74.
Kh6 Rd2 75. g7 Rb2 76. g8=Q Rb1 77. Be5+ Rb8 78. Qxb8# 1-0



[ePGN "0.1;DGT LiveChess/2.2.6"]

[Event "MČR družstev mladších žáků 2024"]
[Site "Harrachov, Czech Republic"]
[Date "2024.06.15"]
[Round "7.16"]
[White "Koutecka Magdalena"]
[Black "Hamernikova Iris"]
[Result "0-1"]
[TimeControl "25+10"]
[WhiteFideId "23752599"]
[BlackFideId "23745738"]
[WhiteElo "1085"]
[BlackElo "1216"]

1. e4 e5 2. Nf3 Nc6 3.
d4 exd4 4. Bc4 Nf6 5. e5 d5 6.
Bb5 Ne4 7. Nxd4 Bd7 8. Bxc6 bxc6 9. O-O Bc5 10. Be3 Bb6 11. f3 Ng5 12. f4 Ne4 13. Nd2 Nxd2 14. Qxd2 O-O 15. Nb3 Qe7 16.
Qc3 Bf5 17. Bxb6 cxb6 18. Qxc6 Be4 19. Qc3 Rac8 20. Qd4 Rc4 21. Qe3 Rxc2 22. Qd4 Rxg2+ 0-1



[ePGN "0.1;DGT LiveChess/2.2.6"]

[Event "MČR družstev mladších žáků 2024"]
[Site "Harrachov, Czech Republic"]
[Date "2024.06.15"]
[Round "7.17"]
[White "Prikryl Daniel"]
[Black "Strazhnyk Yevhen"]
[Result "1-0"]
[TimeControl "25+10"]
[WhiteFideId "23745770"]
[BlackFideId "23771305"]
[WhiteElo "1199"]
[BlackElo "1150"]

1. e4 e5 2. Nf3 Nc6 3. Nc3 Nf6 4. Bb5 d6 5. d3 Bd7 6. h3 g6 7. Be3 Bg7 8. O-O O-O 9. Qd2 Qe7 10.
Bh6 Nh5 11. Bxg7 Kxg7 12. Bc4 Nf4 13. Ne2 Qf6 14. Nxf4 exf4 15. Rab1 Ne5 16. Nxe5 dxe5 17. Qe2 Qg5 18. Qf3 Qh4 19.
Rfe1 g5 20. g4 fxg3 21. Qxg3 Qxg3+ 22. fxg3 Bxh3 23. Kh2 g4 24. Re2 f6 25. Rf2 c6 26. Rf5 a5 27. a4 Rab8 28. Ra1 b6 29.
Ra3 Rbd8 30. Rb3 Rb8 31. Ba6 Rfd8 32. Bc4 Rd4 33. c3 Rd6 34. Rf2 h6 35. Ra3 Rd7 36. b4 b5 37. axb5 cxb5 38.
Bd5 axb4 39. cxb4 Rc7 40. Ra1 Rc3 41. Rd2 Kg6 42. Rb1 f5 43. exf5+ Kxf5 44. Be4+ Ke6 45. Ra1 Kf6 46. Ra6+ Kg7 47.
Ra7+ Kg8 48. Bd5+ Kf8 49. Rf2+ Ke8 50. Bf7+ Kd8 51. Bg6 Rc7 52. Rf8+ Kd7 53. Rf7+ Kd6 54. Rfxc7 1-0



[ePGN "0.1;DGT LiveChess/2.2.6"]

[Event "MČR družstev mladších žáků 2024"]
[Site "Harrachov, Czech Republic"]
[Date "2024.06.15"]
[Round "7.19"]
[White "Frantsev Iegor"]
[Black "Lickova Anna"]
[Result "1/2-1/2"]
[TimeControl "25+10"]
[WhiteFideId "23736305"]
[BlackFideId "23744359"]
[WhiteElo "1413"]
[BlackElo "1377"]

1. d4 Nf6 2. Bg5 d5 3. Bxf6 exf6 4. e3 Bf5 5. Nf3 c5 6. c3 Nc6 7. Bd3 Bg6 8. Bxg6 fxg6 9. O-O c4 10. Nbd2 Bd6 11. e4 dxe4 12. Nxe4 O-O 13.
Nxd6 Qxd6 14. Re1 Rfe8 15. Qa4 Qd5 16. h3 b5 17. Qc2 a6 18. a3 Ne7 19. Qe4 Qxe4 20. Rxe4 Nd5 21. Rae1 Kf7 22.
Kf1 h6 23. Nd2 a5 24. Rxe8 Rxe8 25. Ne4 Re6 26. g3 b4 27. axb4 axb4 28. f3 f5 29. Nd2 bxc3 30. bxc3 Nxc3 31.
Nxc4 Rxe1+ 32. Kxe1 Ke6 33. Kd2 Nb5 34. Kd3 g5 35. f4 gxf4 36. gxf4 g5 37. fxg5 hxg5 38. Ne3 f4 39. Ng4 Kd5 40. Nf6+ Ke6 41. Ng4 Kd5 42. Nf6+ Ke6 43.
Ng4 Kd5 44. Nf6+ Ke6 45. Ne4 1/2-1/2



[ePGN "0.1;DGT LiveChess/2.2.6"]

[Event "MČR družstev mladších žáků 2024"]
[Site "Harrachov, Czech Republic"]
[Date "2024.06.15"]
[Round "7.2"]
[White "Kala Jakub"]
[Black "Artamonov Mikhail"]
[Result "1/2-1/2"]
[TimeControl "25+10"]
[WhiteFideId "23753897"]
[BlackFideId "23732946"]
[WhiteElo "1657"]
[BlackElo "1515"]

1. Nf3 Nf6 2. c4 d6 3. Nc3 g6 4. e4 Bg7 5. d4 O-O 6. Be2 e5 7. Be3 Nc6 8. d5 Ne7 9. Nd2 Ne8 10. f3 f5 11. b4 Nf6 12.
Qb3 f4 13. Bf2 g5 14. h3 Ng6 15. c5 Nh5 16. Rc1 Ng3 17. Bxg3 fxg3 18. a4 Nf4 19. Bf1 Rf7 20. Nb5 Bf8 21.
Qc3 a6 22. Na3 b6 23. cxb6 cxb6 24. Nac4 Rc7 25. Qb2 Bd7 26. a5 bxa5 27. bxa5 Rac8 1/2-1/2



[ePGN "0.1;DGT LiveChess/2.2.6"]

[Event "MČR družstev mladších žáků 2024"]
[Site "Harrachov, Czech Republic"]
[Date "2024.06.15"]
[Round "7.20"]
[White "Havlik David"]
[Black "Mauric Jan"]
[Result "0-1"]
[TimeControl "25+10"]
[WhiteFideId "23751525"]
[BlackFideId "23744200"]
[WhiteElo "1348"]
[BlackElo "1306"]

1. e4 e6 2. d4 b6 3. Nf3 Bb7 4.
Bd3 c5 5. O-O cxd4 6. Nxd4 Bc5 7. Be3 Nf6 8. Nc3 O-O 9. Re1 Bb4 10. Bg5 Be7 11. e5 Nd5 12. Bxe7 Qxe7 13. Nxd5 Bxd5 14. Nb5 Qc5 15. Qh5 g6 16.
Qh6 f5 17. Re3 Nc6 18. Rd1 Rf7 19. Nd6 Rg7 20. Nb5 Rf8 21. b3 Be4 22. Bxe4 fxe4 23. c4 Nxe5 24. Qh3 Nd3 25. Rf1 Rgf7 26.
Qg3 Nxf2 27. Rxf2 Rxf2 28. Qxf2 Rxf2 29. Kxf2 a6 30. Nc3 d5 31. Na4 Qd4 32. Ke2 b5 33. Nc3 bxc4 34. bxc4 Qxc4+ 35. Kd1 d4 36. Rxe4 Qd3+ 37. Ke1 Qxc3+ 38. Kf2 Qc2+ 39. Re2 Qf5+ 40. Ke1 d3 41. Rd2 e5 42. g4 Qf3 43. Rf2 Qe3+ 44.
Kf1 d2 45. Rxd2 Qxd2 46. g5 e4 47.
h4 e3 48. Kg1 e2 49. Kg2 e1=Q+ 50. Kf3 Qee3+ 51. Kg4 Qg2# 0-1



[ePGN "0.1;DGT LiveChess/2.2.6"]

[Event "MČR družstev mladších žáků 2024"]
[Site "Harrachov, Czech Republic"]
[Date "2024.06.15"]
[Round "7.21"]
[White "Hujova Tess"]
[Black "Filip Damian"]
[Result "1-0"]
[TimeControl "25+10"]
[WhiteFideId "23744936"]
[BlackFideId "23755415"]
[WhiteElo "1311"]
[BlackElo "1196"]

1. b4 e5 2. Bb2 d6 3. e3 Nf6 4. d3 Be6 5. Nd2 Nbd7 6. Ngf3 Be7 7. Be2 O-O 8. O-O Re8 9. c4 Bf8 10.
Qc2 Bf5 11. Nh4 Bg6 12. Nxg6 fxg6 13. Bf3 Rb8 14. Nb3 c6 15. a3 Rc8 16. Na5 Rc7 17. Rac1 Nb8 18. Rfd1 b6 19. Nb3 Rc8 20.
a4 d5 21. c5 bxc5 22. Nxc5 Bxc5 23. Qxc5 Qe7 24. Qxe7 Rxe7 25. Ba3 Ree8 26. Rc2 h5 27. Rdc1 Re6 28. b5 Kf7 29. h3 e4 30.
dxe4 dxe4 31. Be2 Ke8 32. bxc6 Rexc6 33. Bb5 Kd7 34. Bxc6+ Rxc6 35. Rd1+ Kc7 36. Bd6+ 1-0



[ePGN "0.1;DGT LiveChess/2.2.6"]

[Event "MČR družstev mladších žáků 2024"]
[Site "Harrachov, Czech Republic"]
[Date "2024.06.15"]
[Round "7.22"]
[White "Pokorny Petr"]
[Black "Jenikova Sabina"]
[Result "1-0"]
[TimeControl "25+10"]
[BlackFideId "23759860"]
[WhiteElo "1040"]
[BlackElo "1114"]

1. d4 e6 2. c4 b6 3. Nc3 Bb7 4. Nf3 Bb4 5. Bd2 f5 6. a3 Bxc3 7. Bxc3 Nf6 8. e3 O-O 9. Bd3 Nc6 10.
Rc1 Ne7 11. O-O Ng6 12. b4 Qe7 13. c5 Nd5 14. Re1 c6 15. e4 Nxc3 16. Rxc3 Nh4 17. Nxh4 Qxh4 18. f3 Rae8 19. a4 Rf6 20.
g3 Qh5 21. b5 f4 22. g4 Qg5 23. Qd2 Rh6 24. Ra1 Rf8 25. a5 bxc5 26. Rxc5 Qe7 27. b6 a6 28. Qe2 Qd6 29. Ra4 Ra8 30.
e5 Qe7 31. Be4 Qg5 32. Qb2 Rh4 33. Rc2 h5 34. Rg2 hxg4 35. Qa3 Kf7 36. Qd6 Qe7 37. Qxe7+ Kxe7 38. Rxg4 Rxg4+ 39. fxg4 Kf7 40. Kf2 Rh8 41. Kg1 Rh3 42.
Kg2 Re3 43. Bf3 g5 44. Kf2 Ke7 45. Ra1 d6 46. exd6+ Kxd6 47. Rd1 Ra3 48. h4 gxh4 49. Rh1 Rxa5 50. Rxh4 Rg5 51. Rh5 Rg7 52. g5 a5 53. Be4 Bc8 54.
g6 e5 55. dxe5+ Ke6 56. Rh7 Rg8 57. b7 Bxb7 58. Rxb7 Kxe5 59. Bc2 Kf6 60. Rb6 a4 61. Rxc6+ Kg7 62. Rc7+ Kh6 63. Rh7+ Kg5 64.
Ra7 a3 65. Rxa3 Kf6 66. Kf3 Kg5 67. Ra5+ Kf6 68. Kxf4 Rg7 69. Ra6+ Ke7 70. Ra7+ Kf8 71. Rxg7 Kxg7 72. Kf5 Kf8 73.
Kf6 Kg8 74. Bb3+ Kf8 75. g7+ Ke8 76. g8=Q+ Kd7 77. Qe6+ Kc7 78. Bd5 Kd8 79. Qe7+ Kc8 80. Kf5 Kb8 81. Qb7# 1-0



[ePGN "0.1;DGT LiveChess/2.2.6"]

[Event "MČR družstev mladších žáků 2024"]
[Site "Harrachov, Czech Republic"]
[Date "2024.06.15"]
[Round "7.23"]
[White "Polacek Matous"]
[Black "Lang Christian"]
[Result "0-1"]
[TimeControl "25+10"]
[WhiteFideId "23760435"]
[BlackFideId "23771771"]
[WhiteElo "1152"]
[BlackElo "1242"]

1. e4 e5 2. Nf3 Nc6 3. Bc4 Bc5 4. Nc3 Nf6 5. d3 h6 6. O-O d6 7. h3 O-O 8. Be3 Nd4 9. Bxd4 Bxd4 10.
Nxd4 exd4 11. Ne2 c5 12. c3 dxc3 13. Nxc3 Be6 14. Bb3 Qb6 15. Bxe6 fxe6 16. b3 Rf7 17. Rc1 Raf8 18. Rc2 Nd7 19.
Qe2 Ne5 20. Qe3 Rf6 21. f4 Nxd3 22. Na4 Qa6 23. Rd2 Nxf4 24. Rdf2 Qd3 25. Qxd3 Nxd3 26. Rxf6 Rxf6 27. Rd1 Nb4 28.
Rxd6 Nxa2 29. Nxc5 Nc1 30. Nxb7 Nxb3 31. Ra6 Nd2 32. Nd6 Rf1+ 33. Kh2 Re1 34. Rxa7 Nxe4 35. Ra8+ Kh7 36. Nxe4 Rxe4 37.
Kg3 Kg6 38. Rf8 Re5 39. Kg4 Rg5+ 40. Kf3 Rf5+ 41. Rxf5 Kxf5 42. h4 g5 43. g4+ Ke5 44. hxg5 hxg5 45. Ke3 Kd5 46. Kd3 e5 47.
Ke3 e4 48. Ke2 Kd4 49. Kd2 e3+ 50. Ke2 Ke4 51. Ke1 Kf3 52. Kf1 Kxg4 53. Ke2 Kf4 54. Ke1 g4 55. Kf1 Kf3 56. Kg1 e2 57. Kh2 g3+ 58. Kh3 e1=Q 59.
Kh4 g2+ 60. Kh5 Qg3 61. Kh6 g1=R 62. Kh5 Qh2# 0-1



[ePGN "0.1;DGT LiveChess/2.2.6"]

[Event "MČR družstev mladších žáků 2024"]
[Site "Harrachov, Czech Republic"]
[Date "2024.06.15"]
[Round "7.25"]
[White "Burel Jan"]
[Black "Policar Martin"]
[Result "1/2-1/2"]
[TimeControl "25+10"]
[WhiteFideId "23754907"]
[BlackFideId "23734868"]
[WhiteElo "1172"]
[BlackElo "1646"]

1. e4 c5 2. Nf3 Nf6 3. Nc3 d5 4. exd5 Nxd5 5. Nxd5 Qxd5 6. b3 Nc6 7. Bc4 Qe4+ 8. Qe2 Qxe2+ 9. Kxe2 Bg4 10.
Bb2 e6 11. Rhe1 O-O-O 12. Rad1 Nb4 13. c3 Nd5 14. Bxd5 exd5 15. h3 Bxf3+ 16. Kxf3 Bd6 17. c4 d4 18. d3 Rhe8 19. Bc1 Bc7 20.
Bd2 Kd7 21. Rxe8 Rxe8 22. Re1 Rxe1 23. Bxe1 f5 24. g4 g6 25. Bd2 Ke6 26. Kg2 Kf6 27. g5+ Ke6 28. f4 a6 29. a4 b5 30.
axb5 axb5 31. cxb5 Kd7 32. Kf1 Kc8 33. Ke1 Kb7 34. Kd1 Kb6 35. Kc2 Kxb5 36. Kb2 Bd8 37. Kb1 Bc7 38. h4 Bb6 39.
Kb2 Bc7 40. Kb1 Bd6 41. Kb2 Bc7 42. Kc2 Kc6 43. Kc1 Kd7 44. Kd1 Ke6 45. Ke2 h6 46. Ke1 hxg5 47. hxg5 Kd5 48. Kd1 Kd6 49.
Kc2 Kd5 50. Kd1 Kc6 51. Kc2 Kb6 52. Kb1 Kb5 53. Kb2 Bd6 54. Kb1 Be7 55. Kb2 Kc6 56. Kc1 Kd5 57. Kd1 Bd8 58. Kc2 Bc7 59.
Kd1 Kc6 60. Kc2 Bb6 61. Kc1 Ba7 62. Kc2 Kb5 63. Kb2 c4 64. bxc4+ Ka4 65. Ka2 Bc5 66. Kb2 Be7 67. Ka2 Ba3 68.
Ba5 Bc1 69. Bc7 Kb4 70. Kb1 Bd2 71. Kc2 Bc3 72. Be5 Kc5 73. Bb8 Kb6 74. Be5 Kc6 75. Bb8 Bb4 76. Be5 Bc5 77. Kb3 Kb6 78.
Bb8 Kc6 79. Be5 Kb7 80. Kc2 Ba7 81. Bd6 Kc6 82. Be5 Kd7 83. Kb3 Kc6 84. Kc2 Bc5 85. Bb8 Bb4 86. Be5 Bc3 87. Bb8 Be1 88.
Be5 Bf2 89. Bb8 Be3 90. Be5 1/2-1/2



[ePGN "0.1;DGT LiveChess/2.2.6"]

[Event "MČR družstev mladších žáků 2024"]
[Site "Harrachov, Czech Republic"]
[Date "2024.06.15"]
[Round "7.26"]
[White "Sudrich Radek"]
[Black "Stepnicka Filip"]
[Result "1-0"]
[TimeControl "25+10"]
[WhiteFideId "23734361"]
[BlackFideId "23771542"]
[WhiteElo "1470"]
[BlackElo "1116"]

1. d4 d5 2. Bf4 c5 3. e3 Nc6 4. Nc3 Nf6 5. Nb5 e5 6. Bxe5 Nxe5 7. dxe5 Ne4 8. Qxd5 Qxd5 9. Nc7+ Kd7 10. Nxd5 Kd8 11. Bd3 Ng5 12. O-O-O Ne6 13. Bb5 Bd7 14. Bxd7 Kxd7 15. Nb6+ Kc6 16.
Nxa8 Be7 17. Nf3 Rxa8 18. h4 f6 19. exf6 Bxf6 20. Ng5 Bxg5 21. hxg5 Nxg5 22. Rh5 h6 23. f4 Ne4 24. Re5 Ng3 25.
Re6+ Kb5 26. Rd7 b6 27. Rxg7 Nf5 28. Rgg6 Nh4 29. Rxh6 Nxg2 30. Kd2 Rd8+ 31. Ke2 Ka5 32. Reg6 Nxf4+ 33. exf4 Re8+ 34. Kf3 Rd8 35. f5 Rd2 36. Kg4 Rxc2 37. Rg5 Rxb2 38. f6 Rxa2 39. f7 Rf2 40. Rf5 Rxf5 41. Kxf5 c4 42.
f8=Q Ka4 43. Rh3 Kb5 44. Qa3 a5 45. Ke5 a4 46. Kd5 Ka5 47. Rh7 Kb5 48. Ra7 c3 49. Qxa4# 1-0



[ePGN "0.1;DGT LiveChess/2.2.6"]

[Event "MČR družstev mladších žáků 2024"]
[Site "Harrachov, Czech Republic"]
[Date "2024.06.15"]
[Round "7.27"]
[White "Vanousek Zdenek"]
[Black "Moravec Rene"]
[Result "0-1"]
[TimeControl "25+10"]
[WhiteFideId "23770244"]
[BlackFideId "23745274"]
[WhiteElo "1309"]
[BlackElo "1295"]

1. e4 c5 2. Nf3 Nc6 3. Nc3 Nf6 4. Bc4 g6 5. d3 Bg7 6. Be3 d6 7. O-O O-O 8. Qe2 Bg4 9. Rad1 Ne5 10.
d4 Nxf3+ 11. gxf3 Bh3 12. Rfe1 cxd4 13. Rxd4 Qa5 14. Nd5 e6 15. Ne7+ Kh8 16. Rxd6 Rfe8 17. Bd2 Qc7 18. e5 Qxe7 19.
Qd3 Nd5 20. Bxd5 exd5 21. Rxd5 Red8 22. Bc3 Qg5+ 0-1



[ePGN "0.1;DGT LiveChess/2.2.6"]

[Event "MČR družstev mladších žáků 2024"]
[Site "Harrachov, Czech Republic"]
[Date "2024.06.15"]
[Round "7.28"]
[White "Sevcikova Terezie"]
[Black "Burel Jiri"]
[Result "1-0"]
[TimeControl "25+10"]
[WhiteFideId "23766425"]
[BlackFideId "23754915"]
[WhiteElo "1447"]
[BlackElo "1116"]

1. d4 d5 2. Bf4 Nf6 3. e3 Bf5 4. c3 e6 5. Bd3 Bxd3 6. Qxd3 c5 7. Nf3 Nc6 8. Nbd2 Qb6 9. Qc2 Be7 10.
O-O O-O 11. Rad1 Rac8 12. Qb3 Qxb3 13. Nxb3 cxd4 14. Nbxd4 h6 15. h3 Ne4 16. Nxc6 Rxc6 17. Ne5 Rcc8 18. Nf3 Rc5 19. Nd2 Nxd2 20.
Rxd2 Rd8 21. Rfd1 Rcc8 22. Kf1 Kf8 23. Ke2 Bc5 24. e4 Rd7 25. exd5 Rcd8 26. dxe6 Rxd2+ 27. Rxd2 Rxd2+ 28. Bxd2 fxe6 29. Be3 Bxe3 30. Kxe3 Ke7 31.
f4 Kd6 32. Kd4 b6 33. g4 g6 34. h4 a6 35. h5 gxh5 36. gxh5 b5 37. b4 Ke7 38. Ke5 Kf7 39. f5 exf5 40.
Kxf5 Kg7 41. Ke6 Kg8 42. Kf6 Kh7 43.
Kf7 Kh8 44. Kg6 Kg8 45. Kxh6 Kh8 46. Kg6 Kg8 47. Kf6 Kh7 48. Ke6 1-0



[ePGN "0.1;DGT LiveChess/2.2.6"]

[Event "MČR družstev mladších žáků 2024"]
[Site "Harrachov, Czech Republic"]
[Date "2024.06.15"]
[Round "7.29"]
[White "Fiala Tomas"]
[Black "Kobersky Matyas"]
[Result "1/2-1/2"]
[TimeControl "25+10"]
[WhiteFideId "23770040"]
[BlackFideId "23747501"]
[WhiteElo "1203"]
[BlackElo "1206"]

1. e4 c5 2. c4 d6 3. Nc3 Nf6 4. h3 Nc6 5. Nf3 Bd7 6. d4 cxd4 7. Nxd4 Nxd4 8. Qxd4 e5 9. Qd1 h6 10.
Be3 Be7 11. Be2 Bc6 12. f3 Qd7 13. O-O Nh5 14. Qd2 Ng3 15. Rfd1 Nxe2+ 16. Qxe2 Qe6 17. Nd5 Bxd5 18. cxd5 Qg6 19.
Qb5+ Kf8 20. Qxb7 Re8 21. Qxa7 Qg3 22. Qd7 g6 23. Qg4 Qxg4 24. hxg4 Bh4 25. Bf2 Bg5 26. a4 Ra8 27. b4 Kg7 28.
Rdb1 Rhb8 29. a5 Rb5 30. a6 Bd2 31. Ra4 Bc3 32. Be1 Bd4+ 33. Kh1 Ra7 34. Rc1 Rb6 35. Kh2 Raxa6 36. Rxa6 Rxa6 37.
Rc6 Ra1 38. Bc3 Bxc3 39. Rxc3 Rb1 40. Rc4 Rb2 41. Kh3 Kf6 42. g3 Kg5 43. Rc7 f5 44. gxf5 gxf5 45. exf5 Kxf5 46. Rh7 Kg6 47.
Rd7 Rxb4 48. Rxd6+ Kg5 49. Re6 Rb3 50. Rxe5+ Kg6 51. f4 Rd3 52. Kg4 Kf6 53. Rf5+ Kg6 54. Re5 Kf6 55. Rh5 Kg6 56.
Re5 Kf6 57. Re6+ Kg7 58. Re5 Kf6 59. Rf5+ Kg6 60. Re5 Kf6 1/2-1/2



[ePGN "0.1;DGT LiveChess/2.2.6"]

[Event "MČR družstev mladších žáků 2024"]
[Site "Harrachov, Czech Republic"]
[Date "2024.06.15"]
[Round "7.3"]
[White "Kolar Edvard"]
[Black "Levchenko Alisa"]
[Result "1/2-1/2"]
[TimeControl "25+10"]
[WhiteFideId "23746238"]
[BlackFideId "23760311"]
[WhiteElo "1553"]
[BlackElo "1302"]

1. e4 e6 2. d4 d5 3. Nc3 Nf6 4.
Bg5 dxe4 5. Nxe4 Be7 6. Bxf6 Bxf6 7. Nxf6+ Qxf6 8. Bd3 Bd7 9. Nf3 Bc6 10. c3 Nd7 11. Qe2 Nb6 12. O-O-O O-O-O 13. Rhg1 Nd5 14. Ne5 Nf4 15. Qf1 Nxd3+ 16. Nxd3 Bb5 17. Qe1 Qh6+ 18. Kb1 Bxd3+ 19. Rxd3 Qxh2 20. Rg3 Qh6 21. Qe5 g6 22.
Rf3 f5 23. Qxe6+ Kb8 24. Re1 Qg7 25. Rfe3 c6 26. Qb3 Rd7 27. Re6 Rhd8 28. Rxc6 Rd6 29. Rc5 Qd7 30. Rce5 Qc6 31. f3 Rd5 32.
Re7 R5d7 33. R7e5 Rd5 34. Rxd5 Qxd5 35. Qc2 Rd7 36. Rd1 b5 37. b3 Rc7 38. Qb2 Ka8 39. Qd2 Kb7 40. Ka1 a6 41.
Rb1 Ka7 42. Qe3 Ka8 43. Qe8+ Ka7 44. Qe3 Ka8 45. Rc1 Kb7 46. Qd3 Kb6 47. c4 bxc4 48. bxc4 Qa5 49. Qb3+ Kc6 50. c5 Rd7 51.
Qe6+ Kc7 52. d5 Qd2 53. Qb6+ Kc8 54. Qxa6+ Kd8 55. Qf6+ Kc8 56. Rb1 Qxd5 57. Qa6+ Kd8 58. Qb6+ Ke7 59.
c6 Qd4+ 60. Qxd4 Rxd4 61. Rc1 Kd8 62. Kb2 Rd2+ 63. Kb3 Rxg2 64. a4 Rg3 65. a5 Rxf3+ 66. Kb4 Rf4+ 67. Kb5 Kc7 68. a6 Rf2 69. Ra1 Rb2+ 70. Kc4 Rb8 71. Kc5 Ra8 72. a7 f4 73. Rd1 Rxa7 74.
Rd7+ Kb8 75. Kd6 Ra6 76. Rd8+ Ka7 77. Rd7+ Kb8 78. Rd8+ Ka7 79. Rf8 g5 80. Rf7+ Kb8 81. Rxh7 f3 82. Rh8+ Ka7 83. Rh7+ Kb8 84.
Rh8+ 1/2-1/2



[ePGN "0.1;DGT LiveChess/2.2.6"]

[Event "MČR družstev mladších žáků 2024"]
[Site "Harrachov, Czech Republic"]
[Date "2024.06.15"]
[Round "7.4"]
[White "Zavrel Daniel"]
[Black "Gernert Tomas"]
[Result "0-1"]
[TimeControl "25+10"]
[WhiteFideId "23753951"]
[BlackFideId "23750219"]
[WhiteElo "1106"]
[BlackElo "1409"]

1. e4 c5 2. Nf3 Nc6 3. d4 cxd4 4. Nxd4 g6 5. Nc3 Bg7 6. Be3 Nf6 7. Bd3 O-O 8. O-O d5 9. exd5 Nxd5 10.
Bc4 Nxe3 11. Nxc6 Nxd1 12. Nxd8 Nxc3 13. Bxf7+ Kh8 14. bxc3 Rxd8 15. Rad1 Bf5 16. Rxd8+ Rxd8 17. h3 Bxc3 18.
Rb1 Be5 19. g4 Bxc2 20. Rxb7 Rd1+ 21. Kg2 Be4+ 22. f3 Rd2+ 23. Kf1 Bxb7 0-1



[ePGN "0.1;DGT LiveChess/2.2.6"]

[Event "MČR družstev mladších žáků 2024"]
[Site "Harrachov, Czech Republic"]
[Date "2024.06.15"]
[Round "7.7"]
[White "Cerny Rodan"]
[Black "Vancakova Veronika"]
[Result "1-0"]
[TimeControl "25+10"]
[WhiteFideId "23746165"]
[BlackFideId "23731907"]
[WhiteElo "1299"]
[BlackElo "1437"]

1. e4 d6 2. d4 Nf6 3. Bd3 e5 4. c3 Be7 5. f4 O-O 6. Nf3 exf4 7. Bxf4 Nc6 8. O-O Bg4 9. Nbd2 Re8 10.
Qc2 Nd7 11. Rae1 Bh5 12. Nc4 Bg6 13. e5 dxe5 14. Ncxe5 Ndxe5 15. Nxe5 Nxe5 16. Bxe5 Bd6 17. Bxd6 Qxd6 18. Bxg6 Qxg6 19.
Qb3 b6 20. Qb5 Re6 21. Qd7 c6 22. b3 h6 23. h3 Rxe1 24.
Rxe1 Qf6 25. Rf1 Qe6 26. Qxe6 fxe6 27. Re1 Kf7 28. Kf2 Ke7 29. Kf3 Rf8+ 30.
Ke3 Rf5 31. Re2 Rf8 32. Ke4 Rf1 33. c4 Rd1 34. Ke5 Rf1 35. g4 Rd1 36. Ke4 Rh1 37. Re3 Rd1 38. Ke5 Rd2 39. a3 Rd1 40.
b4 Rc1 41. d5 cxd5 42. cxd5 exd5 43. Kxd5+ Kd7 44. Rd3 Rc7 45. Rf3 Ke7 46. Re3+ Kd7 47. Rd3 Rc1 48. Ke5+ Ke7 49. Kf5 Rc6 50.
Re3+ Kd7 51. Rd3+ Ke7 52. g5 g6+ 53. Ke5 Re6+ 54. Kf4 h5 55. h4 Rc6 56. Ke5 Re6+ 57. Kf4 Rc6 58. Re3+ Kf7 59.
Re4 Rc1 60. b5 Rc5 61. a4 Rf5+ 62. Ke3 Rc5 63. Kd4 Rc1 64. Rf4+ Kg7 65. Kd5 Rc5+ 66. Ke6 Rc7 67. Kd6 Rc1 68.
Kd7 Rc2 69. Ke6 Re2+ 70. Kd7 Rc2 71. Re4 Rc1 72. Re7 Kf8 73. Re4 Kg7 74. Ke7 Rc2 75. Rd4 Re2+ 76. Kd7 Rc2 77. Kd8 Rc1 78.
Rd7+ Kf8 79. Rxa7 Rc4 80. Ra6 Rxh4 81. Rxb6 Rxa4 82. Rxg6 Rb4 83. b6 Kf7 84. Rf6+ Kg7 85. Kc7 Rc4+ 86.
Rc6 Rf4 87. b7 Rf7+ 88. Kb6 1-0



[ePGN "0.1;DGT LiveChess/2.2.6"]